 Dungeon Crawl Stone Soup version 0.19-a0-147-g6f47703 (webtiles) character file.

42 mrath the Digger (level 3, 0/19 HPs)
             Began as a Gargoyle Earth Elementalist on May 19, 2016.
             Slain by Terence
             ... wielding a +0 short sword
              (4 damage)
             ... on level 1 of the Dungeon.
             The game lasted 00:11:43 (1967 turns).

mrath the Digger (Gargoyle Earth Elementalist)      Turns: 1967, Time: 00:11:43

Health: 0/19       AC:  5    Str: 11    XL:     3   Next: 56%
Magic:  2/7        EV: 12    Int: 16    God:
Gold:   117        SH:  0    Dex: 10    Spells: 1 memorised, 7 levels left

rFire  . . .     SeeInvis .     b - stone
rCold  . . .     Gourm    .     a - +0 robe
rNeg   + . .     Faith    .     (no shield)
rPois  ∞         Spirit   .     (no helmet)
rElec  +         Dismiss  .     (no cloak)
rCorr  .         Reflect  .     f - -1 pair of gloves (curse)
SustAt .         Harm     .     (no boots)
MR     .....                    (no amulet)
Stlth  ++........               (no ring)
                                (no ring)

@: not resistant to hostile enchantments, unstealthy
A: negative energy resistance 1, electricity resistance, unbreathing,
petrification resistance, rot immunity, AC +3
a: no special abilities


You were on level 1 of the Dungeon.
You were hungry.

You visited 1 branch of the dungeon, and saw 2 of its levels.

You collected 117 gold pieces.

Inventory:

Hand Weapons
 m - a +0 mace
Missiles
 b - a stone (in hand)
 i - 36 sling bullets
Armour
 a - a +0 robe (worn)
 f - a cursed -1 pair of gloves (worn)
Jewellery
 p - a +3 ring of protection {unknown}
Scrolls
 g - 2 scrolls of identify
 h - a scroll of enchant weapon {unknown}
 s - a scroll of noise {unknown}
 u - a scroll of teleportation
Potions
 e - 3 potions of curing
 j - 2 potions of heal wounds {unknown}
 l - a potion of haste {unknown}
 n - a potion of agility {unknown}
 o - a potion of brilliance {unknown}
 r - a potion of cancellation {unknown}
 t - a potion of berserk rage {unknown}
Books
 c - a book of Geomancy

   Spells                             Type                      Level
   a - Sandblast                      Earth                        1
   b - Passwall                       Transmutation/Earth          2
   c - Stone Arrow                    Conjuration/Earth            3
   d - Petrify                        Transmutation/Earth          4
   e - Lee's Rapid Deconstruction     Earth                        5
Comestibles
 d - 2 bread rations
 k - a meat ration


   Skills:
 - Level 1.5 Dodging
 - Level 2.1 Stealth
 * Level 3.0 Spellcasting
   Level 0.7 Transmutations
 + Level 4.4 Earth Magic


You had 7 spell levels left.
You knew the following spells:

 Your Spells              Type           Power        Failure   Level  Hunger
a - Sandblast             Erth           ###...       3%          1    #......


Dungeon Overview and Level Annotations

Branches:
Dungeon (2/15)

Altars:
Zin

Annotations:
D:1 Terence


Innate Abilities, Weirdness & Mutations

You are resistant to torment.
Your stone body is resilient (AC +3).
You are immune to poison.
You resist negative energy.
You are resistant to electric shocks.
You can survive without breathing.
You are immune to petrification.
You are immune to rotting.


Message History

Terence barely misses you.
Casting: Sandblast
Confirm with . or Enter, or press ? or * to list all spells.
Aiming: Sandblast
Press: ? - help, Shift-Dir - straight line, f/p - Terence
Aim: Terence, wielding a short sword and wearing a chain mail (severely wounded)
The rocky blast hits Terence.
Terence is severely wounded.
Terence hits you but does no damage.
Casting: Sandblast
Confirm with . or Enter, or press ? or * to list all spells.
Aiming: Sandblast
Press: ? - help, Shift-Dir - straight line, f/p - Terence
Aim: Terence, wielding a short sword and wearing a chain mail (severely wounded)
The rocky blast hits Terence.
Terence is severely wounded.
Terence hits you but does no damage. Terence shouts, "Now you die!"
Terence hits you with a short sword.
You die...

##.......## #..##
#.#.. ##.....##
#.## #.##. ##...##
#.# ##.##. ##+##
#.# #..... #####.#
#.# #.....
##...#.# #.#
#.####
##.###..########.#
#.# #.##
##.......)#@# #.#
#.# #.....##.#@#
##.## #.##
##..##.##.#.#
##.#.###
...###..###......#
#.###...
##....#........###
##.#.###
#.####.########
##.## #.####.# ###
#......# ######.#
#####.##


You could see Terence.

Vanquished Creatures
  An adder (D:2)
  A worm (D:2)
  A dart slug (D:1)
  3 giant geckos
  2 goblins
  4 hobgoblins
  A quokka (D:2)
  7 bats
  A giant newt (D:1)
  3 kobolds
  2 rats
26 creatures vanquished.

Notes
Turn   | Place    | Note
--------------------------------------------------------------
     0 | D:1      | mrath the Gargoyle Earth Elementalist began the quest for the Orb.
     0 | D:1      | Reached XP level 1. HP: 10/10 MP: 3/3
   371 | D:1      | Reached XP level 2. HP: 13/15 MP: 1/5
   487 | D:1      | Reached skill level 4 in Earth Magic
  1134 | D:1      | Found a glowing silver altar of Zin.
  1352 | D:2      | Reached XP level 3. HP: 13/19 MP: 4/7
  1839 | D:2      | Noticed Terence
  1967 | D:1      | Slain by Terence

Vault maps used:
D:1:      dpeg_arrival_water_altar
D:2:      elyvilon_altar_1, first_bread, minmay_door_square, uniq_terence

Skill      XL: |  1  2  3 |
---------------+----------+-----
Earth Magic    | 4 |  4.4
Spellcasting   | 3 |  3.0
Dodging        | |  1.5
Stealth        | |  2.1
Transmutations | |  0.7

Action                   || total
-------------------------++-------
Melee: Dagger            ||    56
       Mace              ||    21
 Cast: Sandblast         ||    41
  Use: Scroll            ||     2
 Stab: Sleeping          ||     1
  Eat: Chunk             ||     3
Armor: Robe              ||    37
Dodge: Dodged            ||    92
